 Dungeon Crawl Stone Soup version 0.20-a0-736-gd3249da (webtiles) character file.

14 Maia the Vexing (level 2, -1/16 HPs)
             Began as a Deep Elf Arcane Marksman on Feb 23, 2017.
             Killed from afar by a dart slug (3 damage)
             ... with a slug dart
             ... on level 1 of the Dungeon.
             The game lasted 00:02:17 (931 turns).

Maia the Vexing (Deep Elf Arcane Marksman)           Turns: 931, Time: 00:02:17

Health: -1/16      AC:  3    Str:  7    XL:     2   Next: 31%
Magic:  6/6        EV: 12    Int: 17    God:
Gold:   31         SH:  0    Dex: 15    Spells: 1/4 levels left

rFire    . . .     SeeInvis .   q - +0 dagger
rCold    . . .     Gourm    .   n - +0 leather armour
rNeg     . . .     Faith    .   (no shield)
rPois    .         Spirit   .   (no helmet)
rElec    .         Reflect  .   (no cloak)
rCorr    +         Harm     .   (no gloves)
MR       .....                  (no boots)
Stlth    +.........             (no amulet)
Regen    0.1/turn               (no ring)
MPRegen  0.1/turn               i - ring of resist corrosion

@: no status effects
A: no striking features
a: no special abilities


You were on level 1 of the Dungeon.
You were not hungry.

You visited 1 branch of the dungeon, and saw 1 of its levels.

You collected 31 gold pieces.

Inventory:

Hand Weapons
 a - a +0 shortbow
 q - a +0 dagger (weapon)
Missiles
 d - 34 arrows
Armour
 n - a +0 leather armour (worn)
Jewellery
 i - a ring of resist corrosion (left hand)
Scrolls
 b - a scroll of enchant armour {unknown}
 g - a scroll of identify {unknown}
 m - a scroll of teleportation {unknown}
 p - a scroll of remove curse {unknown}
Potions
 e - a potion of ambrosia {unknown}
 h - a potion of flight {unknown}
 j - 2 potions of degeneration {unknown}
 l - a potion of haste {unknown}
 o - a potion of might {unknown}
Books
 c - a book of Debilitation

   Spells                             Type                      Level
   a - Corona                         Hexes                        1
   b - Slow                           Hexes                        2
   c - Inner Flame                    Hexes/Fire                   3
   d - Portal Projectile              Hexes/Translocation          3
   e - Cause Fear                     Hexes                        4
   f - Leda's Liquefaction            Hexes/Earth                  4
Comestibles
 f - a bread ration


   Skills:
 - Level 0.7 Fighting
 + Level 3.3 Bows
 - Level 2.4 Dodging
 - Level 1.5 Spellcasting
 - Level 4.0 Hexes


You had one spell level left.
You knew the following spells:

 Your Spells              Type           Power        Failure   Level  Hunger
a - Corona                Hex            ##.....      10%         1    ##.....
b - Slow                  Hex            ##......     12%         2    ###....


Dungeon Overview and Level Annotations

Branches:
Dungeon (1/15)

Altars:


Message History

You start resting.
The dart slug completely misses you.
You see here a stone.
You hit the dart slug but do no damage. The dart slug closely misses you.
You hit the dart slug but do no damage. You hit the dart slug.
The dart slug is lightly wounded.
The dart slug bites you.
You hit the dart slug.
The dart slug is heavily wounded.
The dart slug launches a dart at you. The slug dart hits you!
* * * LOW HITPOINT WARNING * * *
You hit the dart slug but do no damage.
The dart slug is heavily wounded.
You hit the dart slug.
The dart slug is heavily wounded.
The dart slug launches a dart at you. The slug dart hits you!
You die...

..#.#.#.#.#....##.# #.#....#..
..#.#.#.#.##.#.##.# #.#....#..
#...#.#.#.##.#.##.# #.##'###..
#.###.#.#.##.#.##.# #.##.# #..
..........##.#.##.# #.##.###..
#.###.#.####...##.# #.##......
#.# #.#........##.# #.###....#
#.#
#.#######.###w######...+.....
#.#
#...........@(........##....#
#.#
##########(##.#######.##.....
#.# #.#..........##รท..## ..#
#....##########...#
..#############...##########...#
.............##................#
############.###..#########....#
#........>...#..#....#
#####..####.####.#..#.####


You could see a dart slug.

Vanquished Creatures
  An ooze (D:1)
  A bat (D:1)
  A giant cockroach (D:1)
  2 goblins (D:1)
  A hobgoblin (D:1)
  3 frilled lizards (D:1)
  A kobold (D:1)
10 creatures vanquished.

Notes
Turn   | Place    | Note
-------+----------+-------------------------------------------
     0 | D:1      | Maia the Deep Elf Arcane Marksman began the quest for the Orb.
     0 | D:1      | Reached XP level 1. HP: 11/11 MP: 5/5
   587 | D:1      | Reached XP level 2. HP: 11/16 MP: 2/6
   686 | D:1      | Learned a level 2 spell: Slow
   931 | D:1      | Killed from afar by a dart slug

Vault maps used:
D:1:      lightli_arrival_lavapool, serial_park_tiny_pond

Skill      XL: |  1 |
---------------+----+-----
Bows           | 3 |  3.3
Fighting       | |  0.7
Dodging        | |  2.4
Spellcasting   | |  1.5
Hexes          | |  4.0

Action                   || total
-------------------------++-------
Melee: Club              ||    23
       Unarmed           ||     3
       Dagger            ||    15
 Fire: Shortbow          ||     7
 Cast: Corona            ||     8
 Stab: Sleeping          ||     1
Armor: Robe              ||     2
       Leather armour    ||     3
Dodge: Dodged            ||    31
